 Dungeon Crawl Stone Soup version 0.21.0-24-g2553a33 (webtiles) character file.

55 tidbits the Skirmisher (level 3, -1/35 HPs)
             Began as a Gnoll Wanderer on Jan 19, 2018.
             Slain by Natasha (6 damage)
             ... on level 4 of the Dungeon.
             The game lasted 00:03:14 (484 turns).

tidbits the Skirmisher (Gnoll Wanderer)              Turns: 484, Time: 00:03:15

Health: -1/35      AC:  2    Str: 15    XL:     3   Next: 93%
Magic:  4/4        EV: 12    Int: 14    God:
Gold:   30         SH:  0    Dex: 14    Spells: 4/4 levels left

rFire    . . .     SeeInvis .   a - +2 dagger
rCold    . . .     Gourm    .   (no shield)
rNeg     . . .     Faith    .   e - +0 robe
rPois    .         Spirit   .   (no helmet)
rElec    .         Reflect  .   (no cloak)
rCorr    .         Harm     .   (no gloves)
MR       .....                  (no boots)
Stlth    +++.......             (no amulet)
HPRegen  0.11/turn              (no ring)
MPRegen  0.09/turn              (no ring)

@: hasted, very quick
A: distributed training, fangs 1, strong nose
a: no special abilities


You were on level 4 of the Dungeon.
You were completely stuffed.

You visited 1 branch of the dungeon, and saw 4 of its levels.

You collected 30 gold pieces.

Inventory:

Hand Weapons
 a - a +2 dagger (weapon)
 c - a +0 short sword
 d - a +0 quarterstaff
Missiles
 h - 25 arrows
Armour
 e - a +0 robe (worn)
 g - a +0 ring mail
Scrolls
 i - a scroll of enchant weapon {unknown}
 j - a scroll of identify {unknown}
Comestibles
 f - 3 rations


   Skills:
 + Level 6.5 Fighting
 + Level 2.6 Short Blades
 + Level 1.0 Long Blades
 + Level 1.0 Axes
 + Level 1.0 Maces & Flails
 + Level 1.0 Polearms
 + Level 2.6 Staves
 + Level 1.0 Slings
 + Level 1.0 Bows
 + Level 1.0 Crossbows
 + Level 4.6 Throwing
 + Level 1.0 Armour
 + Level 1.0 Dodging
 + Level 6.0 Stealth
 + Level 1.0 Shields
 + Level 1.0 Unarmed Combat
 + Level 1.0 Spellcasting
 + Level 0.7 Conjurations
 + Level 0.7 Hexes
 + Level 0.7 Charms
 + Level 0.7 Summonings
 + Level 0.7 Necromancy
 + Level 0.7 Translocations
 + Level 0.7 Transmutations
 + Level 0.7 Fire Magic
 + Level 0.7 Ice Magic
 + Level 0.7 Air Magic
 + Level 0.7 Earth Magic
 + Level 0.7 Poison Magic
 + Level 1.0 Invocations
 + Level 1.0 Evocations


You had 4 spell levels left.
You didn't know any spells.

Dungeon Overview and Level Annotations

Branches:
Dungeon (4/15)
 Temple: D:4-7

Altars:

Annotations:
D:4 Natasha


Innate Abilities, Weirdness & Mutations

Your experience applies equally to all skills.
You have very sharp teeth.
Your uncanny sense of smell can sniff out nearby items.


Message History

Your Armour skill increases to level 1!
Your Dodging skill increases to level 1!
Your Shields skill increases to level 1!
Your Unarmed Combat skill increases to level 1!
Your Spellcasting skill increases to level 1!
Your Evocations skill increases to level 1!
There is a stone staircase leading down here.
You climb downwards.
There is a stone staircase leading up here.
Unknown command.
Found 10 gold pieces.
You open the door.
Found a stone staircase leading down.
There is an open door here.
There is a stone staircase leading down here.
You climb downwards.
There is a stone staircase leading up here.
Unknown command.
As you read the scroll labeled OGEKHYU VAIF, it crumbles to dust.
You feel aware of your surroundings.
You sensed 1 altar.
It was a scroll of magic mapping.
You open the door.
Found 14 gold pieces.
A rat comes into view.
There is an open door here.
You see here 14 gold pieces.
You now have 14 gold pieces.
You hit the rat.
You kill the rat!
A giant cockroach comes into view.
A frilled lizard comes into view.
Found a ration.
Found a stone staircase leading down.
The frilled lizard hisses angrily.
A kobold comes into view. It is wielding a club.
Found a scroll labeled FEDWIA AXOENOL.
The kobold hits you but does no damage.
You hit the kobold but do no damage. The kobold closely misses you.
You hit the kobold but do no damage. The kobold hits you with a club.
You hit the kobold.
The kobold is moderately wounded.
The kobold barely misses you.
You hit the kobold.
The kobold is severely wounded.
The kobold closely misses you.
You hit the kobold but do no damage.
The kobold is severely wounded.
The frilled lizard bites you but does no damage.
The kobold hits you with a club.
You hit the kobold but do no damage.
The kobold is severely wounded.
The kobold hits you with a club.
You hit the kobold.
You kill the kobold!
You hit the frilled lizard.
You kill the frilled lizard!
No target in view!
No target in view!
Things that are here:
a club; a frilled lizard corpse; a kobold corpse You see here a scroll labeled FEDWIA AXOENOL.
i - a scroll labeled FEDWIA AXOENOL You see here a ration.
f - 3 rations (gained 1)
There is a stone staircase leading down here.
You climb downwards.
Found a dagger, 16 gold pieces and 22 stones.
There is a stone staircase leading up here.
Unknown command.
Natasha, Servant of Life and Death comes into view.
Natasha stares at you and mumbles some strange words.
The magic dart hits you!
Found 8 gold pieces.
You see here 16 gold pieces.
You now have 30 gold pieces (gained 16).
Natasha growls.
You feel yourself speed up.
Natasha stares at you and mumbles some strange words.
The magic dart hits you!
* * * LOW HITPOINT WARNING * * *
You hit Natasha.
Natasha is lightly wounded.
Natasha misses you.
You hit Natasha. You bite Natasha, but do no damage.
Natasha is moderately wounded.
You closely miss Natasha. Your bite misses Natasha.
Natasha is moderately wounded.
Natasha claws you!
* * * LOW HITPOINT WARNING * * *
You hit Natasha.
Natasha is moderately wounded.
You closely miss Natasha. You bite Natasha, but do no damage.
Natasha is moderately wounded.
Natasha claws you.
* * * LOW HITPOINT WARNING * * *
You hit Natasha.
Natasha is heavily wounded.
You hit Natasha.
Natasha is severely wounded.
Natasha claws you.
You die...

..$....
..........
........... ∆
...........#
..........# ∆
#........#
##h..(....## ∆
∆ #@.........#
#..........# #
#..........##..
#.............
#..........#
##........##
##)...<.##
######## ∆


You could see Natasha.

Vanquished Creatures
  Natasha (D:2)
  An ooze (D:2)
  A dart slug (D:2)
  2 leopard geckos (D:2)
  2 bats
  A goblin (D:2)
  2 hobgoblins (D:2)
  4 jackals (D:2)
  A ball python (D:2)
  2 frilled lizards
  4 kobolds
  2 rats
23 creatures vanquished.

Notes
Turn   | Place    | Note
-------+----------+-------------------------------------------
     0 | D:1      | tidbits the Gnoll Wanderer began the quest for the Orb.
     0 | D:1      | tidbits set off with: a +2 dagger, a potion of haste, a +0 short sword, a +0 quarterstaff, a +0 robe, a ration
     0 | D:1      | Reached XP level 1. HP: 23/23 MP: 1/1
    75 | D:2      | Noticed Natasha
    78 | D:2      | Killed Natasha
    78 | D:2      | Reached XP level 2. HP: 29/29 MP: 2/2
    78 | D:2      | Reached XP level 3. HP: 35/35 MP: 3/3
   126 | D:2      | Reached skill level 6 in Stealth
   234 | D:2      | Reached skill level 1 in Invocations
   355 | D:1      | Reached skill level 1 in Long Blades
   355 | D:1      | Reached skill level 1 in Axes
   355 | D:1      | Reached skill level 1 in Maces & Flails
   355 | D:1      | Reached skill level 1 in Polearms
   355 | D:1      | Reached skill level 1 in Slings
   355 | D:1      | Reached skill level 1 in Bows
   355 | D:1      | Reached skill level 1 in Crossbows
   355 | D:1      | Reached skill level 1 in Armour
   355 | D:1      | Reached skill level 1 in Dodging
   355 | D:1      | Reached skill level 1 in Shields
   355 | D:1      | Reached skill level 1 in Unarmed Combat
   355 | D:1      | Reached skill level 1 in Spellcasting
   355 | D:1      | Reached skill level 1 in Evocations
   473 | D:4      | Noticed Natasha
   484 | D:4      | Slain by Natasha

Skill      XL: |  1  2  3 |
---------------+----------+-----
Stealth        | 6 |  6.0
Invocations    | 1 |  1.0
Long Blades    | 1 |  1.0
Axes           | 1 |  1.0
Maces & Flails | 1 |  1.0
Polearms       | 1 |  1.0
Slings         | 1 |  1.0
Bows           | 1 |  1.0
Crossbows      | 1 |  1.0
Armour         | 1 |  1.0
Dodging        | 1 |  1.0
Shields        | 1 |  1.0
Unarmed Combat | 1 |  1.0
Spellcasting   | 1 |  1.0
Evocations     | 1 |  1.0
Fighting       | |  6.5
Short Blades   | |  2.6
Staves         | |  2.6
Throwing       | |  4.6
Conjurations   | |  0.7
Hexes          | |  0.7
Charms         | |  0.7
Summonings     | |  0.7
Necromancy     | |  0.7
Translocations | |  0.7
Transmutations | |  0.7
Fire Magic     | |  0.7
Ice Magic      | |  0.7
Air Magic      | |  0.7
Earth Magic    | |  0.7
Poison Magic   | |  0.7

Action                   || total
-------------------------++-------
Melee: Dagger            ||    78
       Bite              ||     6
  Use: Scroll            ||     2
       Potion            ||     2
 Stab: Sleeping          ||     6
  Eat: Ration            ||     2
Armor: Robe              ||     7
Dodge: Dodged            ||    33

Table legend:
 A = Turns spent in this place as a percentage of turns spent in the entire game.
 B = Non-inter-level travel turns spent in this place as a percentage of non-inter-level travel turns spent in the entire game.
 C = Inter-level travel turns spent in this place as a percentage of turns spent in this place.
 D = Turns resting spent in this place as a percentage of non-inter-level travel turns spent in this place.
 E = Turns spent auto-exploring this place as a percentage of non-inter-level travel turns spent in this place.
 F = Non-inter-level travel turns spent in this place divided by the number of levels of this place that you've seen.
                   A       B       C       D       E      F
               +-------+-------+-------+-------+-------+----------------------
         Total | 100.0 | 100.0 |   0.0 |   0.0 |   0.0 | 121.0
       Dungeon | 100.0 | 100.0 |   0.0 |   0.0 |   0.0 | 121.0
               +-------+-------+-------+-------+-------+----------------------

Table legend:
 A = Kills in this place as a percentage of kills in entire the game.
 B = Kills by you in this place as a percentage of kills by you in the entire game.
 C = Kills by friends in this place as a percentage of kills by friends in the entire game.
 D = Other kills in this place as a percentage of other kills in the entire game.
 E = Experience gained in this place as a percentage of experience gained in the entire game.
 F = Experience gained in this place divided by the number of levels of this place that you have seen.
                   A       B       C       D       E      F
               +-------+-------+-------+-------+-------+----------------------
         Total | 100.0 | 100.0 |   N/A |   N/A | 100.0 |  19.8
       Dungeon | 100.0 | 100.0 |   N/A |   N/A | 100.0 |  19.8
               +-------+-------+-------+-------+-------+----------------------

Vault maps used:
D:1:      elethiomel_arrival_infinity_welcomes_careful_drivers,
          minmay_misc_feat_secret_circle
D:2:      uniq_natasha
D:3:      old_standard_altar
D:4:      lemuel_upstairs_altar, lemuel_zombie_altar_kikubaaqudgha,
          lemuel_round_altar, okawaru_gym_becter
